 Dungeon Crawl Stone Soup version 0.21-a0-125-gb006224 (webtiles) character file.

27937 Monsterracer the Destroyer (level 13, -13/72 HPs)
             Began as a Deep Elf Fire Elementalist on July 14, 2017.
             Was a High Priest of Vehumet.
             Killed by an exploding ball lightning (24 damage)
             ... created by the player character
             ... on level 3 of the Lair of Beasts on July 15, 2017.
             The game lasted 01:20:34 (17803 turns).

Monsterracer the Destroyer (DEFE)                  Turns: 17803, Time: 01:20:34

Health: -13/72     AC:  8    Str:  5    XL:     13   Next: 7%
Magic:  35/39      EV: 17    Int: 26    God:    Vehumet [*****.]
Gold:   832        SH:  5    Dex: 15    Spells: 0/34 levels left

rFire    + . .     SeeInvis .   b - staff of conjuration
rCold    . . .     Gourm    .   G - +0 buckler
rNeg     . . .     Faith    .   C - +2 robe {rC+}
rPois    .         Spirit   .   m - +0 helmet
rElec    .         Reflect  .   (no cloak)
rCorr    .         Harm     .   o - +1 pair of gloves
MR       +....                  t - +0 pair of boots
Stlth    ++........             v - amulet of regeneration
HPRegen  0.62/turn              g - ring of fire
MPRegen  0.26/turn              B - ring of magical power

@: no status effects
A: no striking features
a: Renounce Religion


You were on level 3 of the Lair of Beasts.
You worshipped Vehumet.
Vehumet was extremely pleased with you.
You were not hungry.

You visited 3 branches of the dungeon, and saw 15 of its levels.
You also visited: Ice Cave.

You collected 922 gold pieces.
You spent 90 gold pieces at shops.

Inventory:

Armour
 m - a +0 helmet (worn)
 o - a +1 pair of gloves (worn)
 t - a +0 pair of boots (worn)
 z - +0 ice dragon scales
 C - a +2 robe of cold resistance (worn)
 G - a +0 buckler (worn)
 I - a +2 robe of fire resistance
Magical Staves
 a - an uncursed staff of wizardry
 b - an uncursed staff of conjuration (weapon)
 e - an uncursed staff of earth
 K - an uncursed staff of power
Jewellery
 g - a ring of fire (left hand)
 l - an uncursed ring of resist corrosion
 n - an uncursed ring of wizardry
 r - an uncursed ring of poison resistance
 v - an amulet of regeneration (around neck)
 B - a ring of magical power (right hand)
Wands
 H - a wand of scattershot (2/9)
Scrolls
 h - 3 scrolls of identify
 j - 6 scrolls of recharging
 q - 5 scrolls of remove curse
 u - a scroll of fog
 w - a scroll of magic mapping
 y - a scroll of blinking
 E - 5 scrolls of teleportation
Potions
 d - 2 potions of berserk rage
 f - 7 potions of curing
 i - 3 potions of resistance
 k - 3 potions of flight
 p - 3 potions of mutation
 s - a potion of brilliance
 J - a potion of haste
Books
 D - a book of Power

   Spells                             Type                      Level
   a - Iskenderun's Battlesphere      Conjuration/Charms           5
   b - Venom Bolt                     Conjuration/Poison           5
   c - Bolt of Magma                  Conjuration/Fire/Earth       5
   d - Iron Shot                      Conjuration/Earth            6
   e - Orb of Destruction             Conjuration                  7
   f - Spellforged Servitor           Conjuration/Summoning        7
Comestibles
 c - 12 bread rations
 x - 3 meat rations
 A - 9 royal jellies
 F - 5 chunks of flesh


   Skills:
 + Level 5.0 Fighting
 - Level 4.0 Staves
 + Level 8.1 Dodging
 - Level 2.4 Stealth
 - Level 4.0 Shields
 + Level 11.3 Spellcasting
 * Level 11.7 Conjurations
 - Level 7.0 Hexes
 - Level 2.7 Translocations
 + Level 11.7 Fire Magic
 + Level 7.0 Air Magic


You couldn't memorise any spells.
You knew the following spells:

 Your Spells              Type           Power        Failure   Level  Hunger
a - Flame Tongue          Conj/Fire      #####        1%          1    None
b - Conjure Flame         Conj/Fire      ########     1%          3    None
c - Sticky Flame          Conj/Fire      ########     1%          4    None
d - Fireball              Conj/Fire      ########..   1%          5    ###....
e - Blink                 Tloc           N/A          1%          2    None
f - Fulminant Prism       Conj/Hex       #######...   1%          4    None
g - Conjure Ball Lightni  Conj/Air       #######...   3%          6    #####..
h - Freeze                Ice            ##..         1%          1    None
i - Magic Dart            Conj           ####         1%          1    None
j - Orb of Destruction    Conj           #######...   7%          7    ######.


Dungeon Overview and Level Annotations

Branches:
Dungeon (11/15)            Temple (1/1) D:6            Lair (3/6) D:11
  Snake (0/4) Lair:3          Orc (0/2) D:10
  Swamp: Lair:2-4    Shoals: Lair:2-4

Altars:
Ashenzari
Cheibriados
Dithmenos
Fedhas
Gozag
Hepliaklqana
Kikubaaqudgha
Makhleb
Qazlal
Ru
Sif Muna
Trog
Vehumet
Wu Jian
Xom
Zin


Message History

The blast of lightning engulfs your ball lightning.
Your ball lightning completely resists.
The blast of lightning engulfs you!
* * * LOW HITPOINT WARNING * * *
Huge Dmg: -46%(-33hp) hp: 14%(10hp)
What are your orders? t - Shout!
Orders for allies: a - Attack new target. r - Retreat! s - Stop attacking. g - Guard the area. f - Follow me.
Anything else - Cancel.
Retreat in which direction?
Press: ? - help, Dir - move target cursor Fall back!
Unknown command.
Unknown command.
Unknown command.
Your ball lightning explodes!
The blast of lightning engulfs you!
You die...

##.##..#...##.####.............
###..#####.<........>............
.###.# #...##.###.###..'####.###
.....######..# #####..#≈≈≈#.#
##P..#.####.P# #...#≈≈≈###
###.........## ###.##≈≈†#
##..#.###.########.†.#≈####
###..# # #...........÷#≈ #....#
#.....@(.....#≈ ##.#.##
###............#≈
......#.##.............#≈
.#..>..................#
###..###.#..............# ##.#
##.#.............# #..##
###.########....# #.###
#P..#####.# ###.... .... #
##....#P#.# #..## ###


There were no monsters in sight!

Vanquished Creatures
  A reaper (IceCv)
  Erolcha (D:11)
  Fannar (Lair:2)
  4 hydras
  3 two-headed ogres
  Pikel (D:6)
  3 ugly things
  4 elephants (Lair:3)
  A merfolk siren (Lair:3)
  Joseph (D:8)
  2 ice statues (IceCv)
  2 spiny frogs
  4 komodo dragons
  9 ice devils (IceCv)
  3 hippogriffs
  28 yaks
  A basilisk (D:11)
  A human (D:9)
  A hungry ghost (D:9)
  4 hogs (D:9)
  Edmund (D:5)
  Menkaure (D:5)
  6 water moccasins
  5 porcupines
  8 orc warriors
  3 sky beasts
  A phantom (D:6)
  2 black bears
  2 necrophages
  4 ogres
  5 wolves (Lair:3)
  3 centaurs
  7 crocodiles
  13 bullfrogs
  5 scorpions
  6 killer bees (D:10)
  A howler monkey (D:5)
  3 electric eels
  2 crimson imps
  A centaur zombie (D:8)
  A quasit (D:10)
  4 jellies
  7 hounds
  9 orc priests
  17 orc wizards
  4 iguanas
  9 worker ants
  A hound zombie (D:10)
  2 hound skeletons (D:5)
  A mummy (D:7)
  2 worker ant zombies
  3 gnolls (D:2)
  13 adders
  2 shadow imps
  9 white imps (IceCv)
  7 ufetubi (IceCv)
  An adder skeleton (D:7)
  3 worms
  2 dart slugs (D:1)
  6 leopard geckos
  37 orcs
  3 giant cockroaches
  9 goblins
  9 hobgoblins
  7 jackals
  A quokka (D:10)
  6 bats
  3 frilled lizards
  10 kobolds
  15 rats
  A bush (D:11)
  5 plants
363 creatures vanquished.

Vanquished Creatures (others)
  An orc wizard (D:7)
  4 ufetubi (IceCv)
  An orc (D:7)
  A quokka (D:7)
  13 fulminant prisms
  A fungus (Lair:1)
  5 plants
26 creatures vanquished.

Grand Total: 389 creatures vanquished

Notes
Turn   | Place    | Note
-------+----------+-------------------------------------------
     0 | D:1      | Monsterracer the Deep Elf Fire Elementalist began the quest for the Orb.
     0 | D:1      | Reached XP level 1. HP: 10/10 MP: 6/6
   147 | D:1      | Reached XP level 2. HP: 15/15 MP: 1/8
   854 | D:1      | Reached XP level 3. HP: 16/19 MP: 7/10
   869 | D:1      | Learned a level 3 spell: Conjure Flame
  1370 | D:2      | Found an ornate altar of the Wu Jian Council.
  1426 | D:2      | Reached XP level 4. HP: 24/24 MP: 0/11
  1842 | D:2      | Found an ancient bone altar of Kikubaaqudgha.
  2760 | D:3      | Reached XP level 5. HP: 28/28 MP: 10/13
  3186 | D:4      | Learned a level 4 spell: Sticky Flame
  3376 | D:4      | Reached skill level 5 in Fire Magic
  3628 | D:4      | Found an ancient bone altar of Kikubaaqudgha.
  3636 | D:4      | Learned a level 5 spell: Fireball
  3757 | D:5      | Entered Level 5 of the Dungeon
  3826 | D:5      | Noticed a sky beast
  3836 | D:5      | Killed a sky beast
  3836 | D:5      | Reached XP level 6. HP: 32/32 MP: 5/15
  4059 | D:5      | Noticed Menkaure
  4066 | D:5      | Killed Menkaure
  4066 | D:5      | Reached skill level 5 in Spellcasting
  4066 | D:5      | Reached skill level 5 in Conjurations
  4424 | D:5      | Reached XP level 7. HP: 29/36 MP: 9/16
  5293 | D:5      | Found Zin's Purification Station.
  5297 | D:5      | Found a glowing silver altar of Zin.
  5570 | D:5      | Bought a potion of curing for 90 gold pieces
  5618 | D:5      | Found a sacrificial altar of Ru.
  5619 | D:5      | Noticed Edmund
  5645 | D:5      | Killed Edmund
  5821 | D:6      | Reached XP level 8. HP: 41/41 MP: 14/19
  6470 | D:6      | Found a staircase to the Ecumenical Temple.
  6476 | Temple   | Entered the Ecumenical Temple
  6482 | Temple   | Became a worshipper of Vehumet
  7190 | D:7      | Noticed Pikel
  7226 | D:6      | Killed Pikel
  7226 | D:6      | Reached skill level 1 in Fighting
  7226 | D:6      | Reached XP level 9. HP: 45/47 MP: 16/22
  7940 | D:7      | Learned a level 1 spell: Magic Dart
  7943 | D:7      | Learned a level 2 spell: Blink
  7947 | D:7      | Learned a level 3 spell: Mephitic Cloud
  8105 | D:7      | Found a snail-covered altar of Cheibriados.
  8439 | D:8      | Reached * piety under Vehumet
  8439 | D:8      | Offered knowledge of Shock by Vehumet.
  8498 | D:8      | Noticed Joseph
  8523 | D:8      | Killed Joseph
  8736 | D:8      | Found a shattered altar of Ashenzari.
  8892 | D:8      | Reached skill level 1 in Shields
  8897 | D:8      | Noticed a two-headed ogre
  8921 | D:8      | Killed a two-headed ogre
  9098 | D:8      | Found a shadowy altar of Dithmenos.
  9376 | D:8      | Reached XP level 10. HP: 33/54 MP: 24/24
  9400 | D:8      | Reached skill level 5 in Dodging
  9592 | D:9      | Found a hazy altar of Hepliaklqana.
  9596 | D:9      | Found a blossoming altar of Fedhas.
  9596 | D:9      | Found a bloodstained altar of Trog.
  9596 | D:9      | Found a deep blue altar of Sif Muna.
  9596 | D:9      | Found a stormy altar of Qazlal.
  9950 | D:9      | Reached skill level 10 in Fire Magic
  9971 | D:9      | Found an opulent altar of Gozag.
 10010 | D:9      | Reached skill level 1 in Staves
 10385 | D:10     | Entered Level 10 of the Dungeon
 10402 | D:10     | Reached ** piety under Vehumet
 10402 | D:10     | Offered knowledge of Freeze by Vehumet.
 10405 | D:10     | Learned a level 1 spell: Freeze
 11241 | D:10     | Noticed a two-headed ogre
 11245 | D:10     | Killed a two-headed ogre
 11245 | D:10     | Offered knowledge of Static Discharge by Vehumet.
 11265 | D:10     | Learned a level 3 spell: Static Discharge
 11749 | D:10     | Noticed a green ugly thing
 11756 | D:10     | Killed a green ugly thing
 11756 | D:10     | Reached skill level 10 in Conjurations
 11756 | D:10     | Reached XP level 11. HP: 57/60 MP: 17/25
 11861 | D:10     | Reached *** piety under Vehumet
 11861 | D:10     | Reached skill level 1 in Air Magic
 11985 | D:10     | Found a staircase to the Orcish Mines.
 12183 | D:11     | Noticed Erolcha
 12186 | D:11     | Noticed a two-headed ogre
 12188 | D:11     | Noticed a purple ugly thing
 12188 | D:11     | Killed a two-headed ogre
 12188 | D:11     | Killed Erolcha
 12201 | D:11     | Noticed a cyan ugly thing
 12203 | D:11     | Killed a purple ugly thing
 12203 | D:11     | Reached skill level 5 in Air Magic
 12210 | D:11     | Killed a cyan ugly thing
 12236 | D:11     | HP: 2/60 [yak (6)]
 12583 | D:10     | Reached skill level 1 in Translocations
 12584 | D:10     | Offered knowledge of Fulminant Prism by Vehumet.
 12600 | D:10     | Learned a level 4 spell: Fulminant Prism
 12740 | D:11     | Found a staircase to the Lair.
 12833 | D:11     | Reached skill level 1 in Hexes
 13368 | Lair:1   | Entered Level 1 of the Lair of Beasts
 13412 | Lair:1   | Reached **** piety under Vehumet
 13498 | Lair:1   | Reached skill level 5 in Hexes
 13525 | Lair:1   | Found a frozen archway.
 13535 | IceCv    | Entered an ice cave
 13560 | IceCv    | Offered knowledge of Stone Arrow by Vehumet.
 13907 | IceCv    | Reached XP level 12. HP: 66/66 MP: 26/27
 14197 | IceCv    | Noticed a reaper
 14201 | IceCv    | Killed a reaper
 14845 | Lair:1   | Noticed a four-headed hydra
 14860 | Lair:1   | Killed a four-headed hydra
 14873 | Lair:1   | Reached skill level 10 in Spellcasting
 14925 | Lair:1   | Found an opulent altar of Gozag.
 15642 | Lair:2   | Noticed Fannar
 15650 | Lair:2   | Killed Fannar
 15984 | Lair:2   | Noticed a six-headed hydra
 15985 | Lair:2   | Killed a six-headed hydra
 16610 | Lair:3   | Learned a level 7 spell: Orb of Destruction
 16648 | Lair:3   | Found a staircase to the Snake Pit.
 16909 | Lair:3   | Noticed an eight-headed hydra
 16924 | Lair:3   | Killed an eight-headed hydra
 16925 | Lair:3   | Noticed a six-headed hydra
 16933 | Lair:3   | Killed a six-headed hydra
 16933 | Lair:3   | Reached ***** piety under Vehumet
 17162 | Lair:3   | Offered knowledge of Conjure Ball Lightning by Vehumet.
 17162 | Lair:3   | Reached skill level 5 in Fighting
 17371 | Lair:3   | Reached XP level 13. HP: 71/72 MP: 29/29
 17762 | Lair:3   | Learned a level 6 spell: Conjure Ball Lightning
 17803 | Lair:3   | Killed by an exploding ball lightning

Vault maps used:
D:1:      shiori_arrival_oz, minmay_misc_feat_more_columns, minmay_tromino_mix6
D:2:      nicolae_overflow_crystal_walls, lemuel_statue_altar
D:3:      first_bread
D:4:      kennysheep_mini
D:5:      kennysheep_little_box, zin_purify, uniq_menkaure, uniq_edmund
D:6:      minmay_temple_entry_purple_smoke
D:7:      slow_altar_1, uniq_pikel
D:8:      nicolae_dithmenos_through_a_glass_darkly,
          nicolae_ashenzari_panopticon, uniq_joseph
D:9:      grunt_gozag_statues, grunt_temple_overflow_open, grunt_livestock
D:10:     david_orc_4, serial_bayou_lake_a
D:11:     minmay_lair_entry_grove, uniq_erolcha
Temple:   eino_wide_crystal_templ
Lair:1:   basic_altar, portal_ice_cave_entry_pillars_2, st_stairs_8
Lair:2:   lemuel_fruit_fields, uniq_fannar
Lair:3:   elwin_shoals_entry_rooms, dummy_snake_entry
IceCv:    ice_cave_small_demon

Skill      XL: |  1  2  3  4  5  6  7  8  9 10 11 12 13 |
---------------+----------------------------------------+-----
Conjurations   | 2 3 4 5 6 8 9 10 11 | 11.7
Fire Magic     | 4 5 6 7 8 9 10 11 | 11.7
Spellcasting   | 4 5 6 7 8 9 10 11 | 11.3
Dodging        | 3 4 5 6 8 |  8.1
Fighting       | 1 2 3 5 |  5.0
Shields        | 1 4 |  4.0
Staves         | 4 |  4.0
Air Magic      | 6 7 |  7.0
Translocations | 2 |  2.7
Hexes          | 5 7 |  7.0
Stealth        | |  2.4

Action                   |  1- 3 |  4- 6 |  7- 9 | 10-12 | 13-15 || total
-------------------------+-------+-------+-------+-------+-------++-------
Melee: Dagger            |    23 |       |       |       |       ||    23
       Whip              |     7 |    29 |    26 |       |       ||    62
       Staff             |       |    20 |    12 |   182 |     9 ||   223
 Cast: Flame Tongue      |    52 |    78 |   200 |   324 |    12 ||   666
       Conjure Flame     |     1 |    11 |    19 |    20 |     3 ||    54
       Fireball          |       |     1 |     4 |    48 |     3 ||    56
       Sticky Flame      |       |       |    20 |    66 |     4 ||    90
       Magic Dart        |       |       |     7 |    14 |       ||    21
       Mephitic Cloud    |       |       |     4 |     9 |       ||    13
       Freeze            |       |       |       |     7 |       ||     7
       Blink             |       |       |       |     7 |       ||     7
       Fulminant Prism   |       |       |       |    12 |     1 ||    13
       Orb of Destructio |       |       |       |     8 |     2 ||    10
       Conjure Ball Ligh |       |       |       |       |     2 ||     2
  Use: Scroll            |       |     5 |     4 |    15 |     1 ||    25
       Potion            |       |       |       |     5 |       ||     5
 Stab: Sleeping          |     2 |       |       |       |       ||     2
       Invisible         |       |       |       |     2 |       ||     2
  Eat: Chunk             |     1 |     8 |    18 |    24 |     3 ||    54
       Fruit             |       |     1 |     2 |     5 |       ||     8
       Meat ration       |       |       |       |     2 |       ||     2
Armor: Robe              |     5 |    11 |    11 |    61 |       ||    88
       Skin              |       |       |       |     3 |       ||     3
Dodge: Dodged            |    21 |    39 |    45 |   120 |     3 ||   228
Block: Buckler           |       |       |       |    45 |     1 ||    46
